 Dungeon Sprint DCSS version 0.29-a0-923-g6e406bff71 (webtiles) character file.

Game seed: 14297587908816382554

1432 rocky1 the Basher (level 8, 0/74 HPs)
             Began as a Minotaur Gladiator on July 28, 2022.
             Was a Priest of Okawaru.
             Slain by a two-headed ogre
             ... wielding a +0 giant club
              (4 damage)
             ... in the Dungeon (Sprint IX: "|||||||||||||||||||||||||||||").
             The game lasted 00:01:57 (708 turns).

rocky1 the Basher (Minotaur Gladiator)               Turns: 708, Time: 00:01:58

Health: 0/74       AC: 11    Str: 24    XL:     8   Next: 45%
Magic:  5/11       EV: 12    Int:  5    God:    Okawaru [***...]
Gold:   0          SH:  0    Dex: 15    Spells: 7/7 levels left

rFire   . . .      SeeInvis .   n - +2 dire flail (vorpal)
rCold   . . .      Faith    .   (shield currently unavailable)
rNeg    . . .      Spirit   .   a - +1 chain mail
rPois   .          Reflect  .   c - +0 hat
rElec   .          Harm     .   (no cloak)
rCorr   .          Rampage  .   (no gloves)
Will    .....      NoTele   +   (no boots)
Stlth   ..........              (no amulet)
HPRegen 0.22/turn               p - +3 ring of strength
MPRegen 0.12/turn               o - +3 ring of dexterity

@: invisible
A: horns 2, retaliatory headbutt
a: Renounce Religion, Heroism


You were in the Dungeon.
You worshipped Okawaru.
Okawaru was most pleased with you.
You visited 1 branch

Inventory:

Hand Weapons
 b - a +2 halberd of protection
 n - a +2 vorpal dire flail (weapon)
 q - a +2 scimitar of holy wrath
Missiles
 d - 3 throwing nets (quivered)
 e - a javelin
Armour
 a - a +1 chain mail (worn)
 c - a +0 hat (worn)
Jewellery
 o - a +3 ring of dexterity (right hand)
 p - a +3 ring of strength (left hand)
Wands
 m - a wand of iceblast (10)
Scrolls
 k - 2 scrolls of blinking
 l - 2 scrolls of amnesia
Potions
 f - 5 potions of curing
 g - 3 potions of heal wounds
 h - a potion of haste
 i - 4 potions of magic


   Skills:
 + Level 8.3 Fighting
 - Level 14.0 Maces & Flails
 + Level 7.8 Polearms
 - Level 2.0 Throwing
 + Level 7.8 Armour
 + Level 8.8 Dodging
 + Level 6.4 Invocations


You had 7 spell levels left.
You didn't know any spells.
Your spell library was empty.

Dungeon Overview and Level Annotations

Branches:
Dungeon (1/1)

Altars:
Cheibriados
Dithmenos
Elyvilon
Fedhas
Gozag
Hepliaklqana
Kikubaaqudgha
Makhleb
Nemelex Xobeh
Okawaru
Qazlal
Ru
Sif Muna
Trog
Uskayaw
Vehumet
Wu Jian
Xom
Yredelemnul
Zin
The Shining One
Jiyva
Lugonu


Innate Abilities, Weirdness & Mutations

You have a pair of horns on your head.
You reflexively headbutt those who attack you in melee.


Message History

You strike the helpless yak from behind!
You bludgeon the yak!! You headbutt the yak!
The yak is almost dead.
You hit the yak.
You kill the yak!
Okawaru accepts your kill. Something hits you.
Deactivating autopickup; reactivate with Ctrl-A.
Your Polearms skill increases to level 7!
Your Armour skill increases to level 7!
You sock something!
Something hits you but does no damage. x2
You completely miss something. Something hits you but does no damage.
You puncture something! Something hits you but does no damage.
Something hits you.
You barely miss something. Your headbutt misses something.
Something hits you but does no damage.
You hit something.
Something hits you but does no damage. x2
You puncture something! Okawaru accepts your kill.
Reactivating autopickup.
You feel a bit more experienced.
Your Fighting skill increases to level 8!
Your Invocations skill increases to level 6!
The two-headed ogre barely misses you.
The two-headed ogre hits you with a +0 giant club!
* * * LOW HITPOINT WARNING * * *
You thump the two-headed ogre!
The two-headed ogre is moderately wounded.
You barely miss the two-headed ogre.
The two-headed ogre is moderately wounded.
The two-headed ogre barely misses you. You furiously retaliate!
You headbutt the two-headed ogre! The two-headed ogre closely misses you.
You thump the two-headed ogre!
The two-headed ogre is severely wounded.
You puncture the two-headed ogre!
The two-headed ogre is almost dead.
The two-headed ogre hits you with a +0 giant club!
* * * LOW HITPOINT WARNING * * *
The two-headed ogre hits you with a +0 giant club.
You die...

▓+▓
▓.▓
▓.▓
▓.▓
▓O▓
▓@▓
▓)▓
▓[▓
▓.▓
▓[▓
▓.▓
▓[▓
▓[▓
▓.▓


You could see a two-headed ogre (unable to see you).

Vanquished Creatures
  A two-headed ogre (D)
  An unseen horror (D)
  A troll (D)
  A yak (D)
  2 ogres (D)
  A howler monkey (D)
  An iguana (D)
  A worm (D)
  An orc (D)
  A ball python (D)
  2 goblins (D)
  A hobgoblin (D)
  A rat (D)
15 creatures vanquished.

Notes
Turn   | Place    | Note
-------+----------+-------------------------------------------
     0 | D        | rocky1 the Minotaur Gladiator began the quest for the Orb.
     0 | D        | Reached XP level 1. HP: 18/18 MP: 0/0
     5 | D        | Reached skill level 4 in Maces & Flails
     7 | D        | Reached skill level 5 in Maces & Flails
   103 | D        | Noticed an ogre
   103 | D        | Noticed an ogre
   103 | D        | Noticed an iguana
   107 | D        | HP: 1/27 [iguana (3)]
   109 | D        | Killed an iguana
   110 | D        | Reached skill level 8 in Maces & Flails
   110 | D        | Reached XP level 2. HP: 2/25 MP: 1/1
   110 | D        | Reached XP level 3. HP: 3/30 MP: 2/2
   111 | D        | Killed an ogre
   112 | D        | Reached skill level 11 in Maces & Flails
   112 | D        | Reached XP level 4. HP: 4/37 MP: 3/3
   114 | D        | Killed an ogre
   115 | D        | Reached skill level 13 in Maces & Flails
   115 | D        | Reached XP level 5. HP: 5/42 MP: 4/4
   116 | D        | HP: 2/63 [worm (3)]
   603 | D        | Found a snail-covered altar of Cheibriados.
   603 | D        | Found a shadowy altar of Dithmenos.
   603 | D        | Found a white marble altar of Elyvilon.
   603 | D        | Found a blossoming altar of Fedhas.
   603 | D        | Found an opulent altar of Gozag.
   604 | D        | Found a hazy altar of Hepliaklqana.
   605 | D        | Found a viscous altar of Jiyva.
   606 | D        | Found an ancient bone altar of Kikubaaqudgha.
   607 | D        | Found a corrupted altar of Lugonu.
   608 | D        | Found a burning altar of Makhleb.
   609 | D        | Found a sparkling altar of Nemelex Xobeh.
   610 | D        | Found an iron altar of Okawaru.
   611 | D        | Found a stormy altar of Qazlal.
   612 | D        | Found a sacrificial altar of Ru.
   613 | D        | Found a shimmering blue altar of Sif Muna.
   614 | D        | Found a bloodstained altar of Trog.
   615 | D        | Found a hide-covered altar of Uskayaw.
   616 | D        | Found a radiant altar of Vehumet.
   617 | D        | Found an ornate altar of the Wu Jian Council.
   618 | D        | Became a worshipper of Warmaster Okawaru
   619 | D        | Found a shimmering altar of Xom.
   620 | D        | Found a basalt altar of Yredelemnul.
   621 | D        | Found a glowing silver altar of Zin.
   622 | D        | Found a glowing golden altar of the Shining One.
   678 | D        | Noticed a two-headed ogre
   678 | D        | Noticed a yak
   678 | D        | Noticed a two-headed ogre
   678 | D        | Noticed a troll
   683 | D        | Killed a troll
   684 | D        | Reached skill level 14 in Maces & Flails
   684 | D        | Reached XP level 6. HP: 37/53 MP: 4/7
   690 | D        | Killed a two-headed ogre
   690 | D        | Reached * piety under Okawaru
   690 | D        | Reached ** piety under Okawaru
   690 | D        | Reached *** piety under Okawaru
   691 | D        | Reached skill level 5 in Invocations
   691 | D        | Reached XP level 7. HP: 48/66 MP: 4/10
   692 | D        | Reached XP level 8. HP: 53/73 MP: 4/11
   703 | D        | Killed an unseen horror
   708 | D        | Slain by a two-headed ogre

Illustrated notes

Levels and vault maps discovered:
D:        linesprint [early_d, line_temple, items_1, d_10, items_2, lair_1,
          lair_end, items_3, orc_1, orc_end, items_4, d_15, swamp_1, shoals_1,
          snake_1, spider_1, d_20, vaults_1, items_5, swamp_end, shoals_end,
          snake_end, spider_end, vaults_end, d_27, items_6, zot_1, zot_end,
          crypt_end, forest_end, elf_end, slime_end, tomb_end, abyss_end,
          pan_hell_end]

Skill      XL: |  1  2  3  4  5  6  7  8 |
---------------+-------------------------+-----
Maces & Flails | 8 11 13 14 | 14.0
Fighting       | 4 7 8 |  8.3
Polearms       | 3 6 7 |  7.8
Armour         | 3 6 7 |  7.8
Dodging        | 6 8 |  8.8
Invocations    | 3 5 6 |  6.4
Throwing       | |  2.0

Action                   |  1- 3 |  4- 6 |  7- 9 || total
-------------------------+-------+-------+-------++-------
Melee: Flail             |    15 |     6 |       ||    21
       Headbutt          |     1 |     4 |     1 ||     6
       Dire flail        |       |    10 |    16 ||    26
  Use: Potion            |     1 |     1 |       ||     2
 Stab: Invisible         |       |     5 |     1 ||     6
Armor: Chain mail        |       |       |     7 ||     7
Dodge: Dodged            |     4 |    14 |     3 ||    21

Table legend: (Time is in decaauts)
 A = Elapsed time spent in this place.
 B = Non-inter-level travel time spent in this place.
 C = Inter-level travel time spent in this place.
 D = Time resting spent in this place.
 E = Time spent auto-exploring this place.
 F = Levels seen in this place.
 G = Mean time per level.
                   A        B        C        D        E       F      G
               +--------+--------+--------+--------+--------+-----+--------+
         Total |    705 |    705 |      0 |    571 |      0 |   1 |  705.0 |
       Dungeon |    705 |    705 |      0 |    571 |      0 |   1 |  705.0 |
               +--------+--------+--------+--------+--------+-----+--------+

Top non-repeatable levels by time:
       D: 705 daAuts
